 Dungeon Crawl Stone Soup version 0.27.1-3-gb3d3a73c9e (webtiles) character file.

Game seed: 15437991682728376376

74003 Elvor the Thaumaturge (level 15, -1/95 HPs)
             Began as a Deep Elf Conjurer on Oct 18, 2021.
             Was a High Priest of Vehumet.
             Slain by a yak (4 damage)
             ... while petrified by a catoblepas
             ... on level 5 of the Lair of Beasts on Oct 19, 2021.
             The game lasted 03:30:00 (17567 turns).

Elvor the Thaumaturge (Deep Elf Conjurer)          Turns: 17567, Time: 03:30:01

Health: -1/95      AC:  7    Str:  9    XL:     15   Next: 5%
Magic:  34/34      EV:  2    Int: 35    God:    Vehumet [*****.]
Gold:   517        SH:  0    Dex: 19    Spells: 10/41 levels left

rFire    . . .     SeeInvis .   c - +7 rapier "Ekhlom" {freeze, Str+4}
rCold    . . .     Faith    .   A - +0 kite shield
rNeg     + + +     Spirit   .   l - +2 robe {Archmagi}
rPois    ∞         Reflect  .   b - +1 helmet
rElec    .         Harm     .   J - scarf {repulsion}
rCorr    .         Rampage  .   s - +0 pair of gloves
Will     +....     Archmagi +   (no boots)
Stlth    ++++......             (no amulet)
HPRegen  0.25/turn              K - +6 ring of intelligence
MPRegen  0.24/turn              B - +6 ring of dexterity

@: petrified, repel missiles
A: no striking features
a: Renounce Religion


You were on level 5 of the Lair of Beasts.
You worshipped Vehumet.
Vehumet was extremely pleased with you.
You visited 3 branches of the dungeon, and saw 18 of its levels.
You also visited: Gauntlet.

You collected 1057 gold pieces.
You spent 540 gold pieces at shops.

Inventory:

Hand Weapons
 c - the +7 rapier "Ekhlom" (weapon) {freeze, Str+4}
   (You bought it in a shop on level 5 of the Dungeon)

   It freezes those it strikes, dealing additional cold damage.
   It can also slow down cold-blooded creatures.
   Str:       It affects your strength (+4).
 m - a +2 scimitar of flaming
 D - a +2 demon trident of venom
 F - the +3 long sword "Esavitab" {antimagic, rPois rF- Int+7}
   (You found it on level 11 of the Dungeon)

   It reduces the magical energy of the wielder, and disrupts the spells and
   magical abilities of those it strikes.
   Natural abilities and divine invocations are not affected.
   Int:       It affects your intelligence (+7).
   rF:        It makes you vulnerable to fire.
   rPois:     It protects you from poison.
Missiles
 e - 15 sling bullets
 j - 31 poisoned darts
 n - 411 stones
 E - 7 silver javelins
 P - 9 curare-tipped darts
Armour
 b - a +1 helmet (worn)
 f - a +2 leather armour of cold resistance
 l - a +2 robe of the Archmagi (worn)
 q - the +1 scale mail "Heocuaqil" {rPois rF++ Will++}
   (You found it on level 1 of the Lair of Beasts)

   rF:        It greatly protects you from fire.
   rPois:     It protects you from poison.
   Will:      It greatly increases your willpower.
 s - a +0 pair of gloves (worn)
 y - the +7 chain mail "Heom" {rCorr Str+4 Stlth-}
   (You found it on level 2 of the Lair of Beasts)

   Str:       It affects your strength (+4).
   rCorr:     It protects you from acid and corrosion.
   Stlth:     It makes you less stealthy.
 A - a +0 kite shield (worn)
 H - a +0 cloak
 J - a scarf of repulsion (worn)
Jewellery
 r - a +6 ring of strength
 v - a +6 ring of dexterity
 B - a +6 ring of dexterity (right hand)
 K - a +6 ring of intelligence (left hand)
Wands
 o - a wand of paralysis (5)
 u - a wand of digging (5)
 z - a wand of polymorph (12)
 X - a wand of iceblast (5)
Scrolls
 a - a scroll of vulnerability {unknown}
 g - 3 scrolls of fog
 h - 6 scrolls of immolation
 i - 4 scrolls of magic mapping
 k - 6 scrolls of blinking
 p - 11 scrolls of teleportation
 t - 2 scrolls of enchant weapon
 G - 2 scrolls of summoning {unknown}
 O - 5 scrolls of fear
 S - a scroll of amnesia
 V - 2 scrolls of acquirement {unknown}
Potions
 d - 2 potions of heal wounds
 w - 12 potions of ambrosia
 x - 2 potions of curing
 C - 5 potions of cancellation
 I - 2 potions of flight
 L - a potion of haste
 M - a potion of might {unknown}
 N - 2 potions of attraction {unknown}
 Q - 5 potions of brilliance
 R - a potion of resistance {unknown}
 T - a potion of magic {unknown}
 U - 2 potions of mutation {unknown}
 W - a potion of berserk rage {unknown}
Miscellaneous
 Y - a box of beasts (inert)


   Skills:
 * Level 11.4 Fighting
 + Level 3.2(3.4) Short Blades
 + Level 1.2(2.2) Long Blades
 + Level 7.1 Throwing
 + Level 5.3 Armour
 + Level 7.8 Dodging
 + Level 6.5 Stealth
 * Level 2.1 Shields
 + Level 13.7 Spellcasting
 + Level 11.6 Conjurations
 + Level 5.6 Hexes
 + Level 2.8 Translocations
 + Level 0.4 Ice Magic
 + Level 6.1 Air Magic
 + Level 1.0 Poison Magic
 + Level 7.6 Evocations


You had 10 spell levels left.
You knew the following spells:

 Your Spells              Type           Power      Damage    Failure   Level
a - Magic Dart            Conj           100%       1d8       1%          1
b - Searing Ray           Conj           100%       3d7       1%          2
c - Iskenderun's Mystic   Conj/Tloc      84%        2d17      1%          4
d - Freeze                Ice            100%       1d11      2%          1
e - Lightning Bolt        Conj/Air       46%        1d66      1%          5
f - Slow                  Hex            76%        N/A       1%          2
g - Mephitic Cloud        Conj/Pois/Air  80%        N/A       1%          3
h - Vampiric Draining     Necr           18%        2d8       26%         3
i - Hailstorm             Conj/Ice       78%        3d16      2%          4
j - Conjure Ball Lightni  Conj/Air       46%        3x3d16    10%         6

Your spell library contained the following spells:

 Spells                   Type           Power      Damage    Failure   Level
 Spellforged Servitor     Conj/Summ      38%        N/A       82%         7
 Corona                   Hex            84%        N/A       1%          1
 Dazzling Flash           Conj/Hex       100%       N/A       1%          3
 Airstrike                Air            39%        N/A       1%          4
 Fulminant Prism          Conj/Hex       45%        3d21      1%          4
 Confusing Touch          Hex            76%        N/A       2%          3
 Tukima's Dance           Hex            76%        N/A       2%          3
 Ensorcelled Hibernation  Hex/Ice        100%       N/A       3%          2
 Freezing Cloud           Conj/Ice/Air   39%        6-21      5%          5
 Frozen Ramparts          Ice            80%        1d10      6%          3
 Animate Skeleton         Necr           72%        N/A       9%          1
 Beastly Appendage        Tmut           72%        N/A       9%          1
 Pain                     Necr           100%       1d9       9%          1
 Gell's Gravitas          Tloc           30%        N/A       9%          3
 Teleport Other           Tloc           60%        N/A       9%          3
 Call Imp                 Summ           36%        N/A       13%         2
 Wereblood                Tmut           36%        N/A       13%         2
 Spider Form              Tmut/Pois      20%        N/A       22%         3
 Summon Lightning Spire   Summ/Air       62%        N/A       24%         4
 Ice Form                 Ice/Tmut       38%        N/A       63%         4
 Animate Dead             Necr           18%        N/A       65%         4
 Alistair's Intoxication  Tmut/Pois      27%        N/A       89%         5
 Eringya's Noxious Bog    Tmut/Pois      20%        N/A       92%         6
 Borgnjor's Vile Clutch   Necr/Erth      18%        N/A       94%         5
 Dispersal                Tloc           30%        N/A       99%         6
 Simulacrum               Ice/Necr       19%        N/A       100%        6
 Haunt                    Necr/Summ      18%        N/A       100%        7
 Infestation              Necr           18%        N/A       100%        8
 Polar Vortex             Ice            20%        N/A       100%        9


Dungeon Overview and Level Annotations

Branches:
Dungeon (11/15)            Temple (1/1) D:6            Lair (6/6) D:9
  Swamp (0/4) Lair:2        Snake (0/4) Lair:4          Orc (0/2) D:11
Gauntlet (visited)
  Slime: Lair:5-6

Altars:
Ashenzari
Cheibriados
Dithmenos
Elyvilon
Fedhas
Gozag
Hepliaklqana
Kikubaaqudgha
Makhleb
Nemelex Xobeh
Okawaru
Qazlal
Ru
Sif Muna
Trog
Uskayaw
Vehumet
Wu Jian
Xom
Yredelemnul
Zin
The Shining One

Shops:
D:1 *   D:2 (   D:5 *


Message History

The dream sheep is moving more slowly.
The yak gores you!
The dream sheep bites you but does no damage.
The catoblepas breathes a plume of calcifying dust at you.
The blast of calcifying dust hits the yak!
The blast of calcifying dust hits you.
The blast of calcifying dust hits the yak.
The blast of calcifying dust hits the dream sheep.
The water moccasin is engulfed in calcifying dust.
The water moccasin is moving more slowly.
The water moccasin bites you but does no damage.
You climb upwards.
You have turned to stone.
The yak gores you! The dream sheep bites you! The yak completely misses you.
The dream sheep bites you. The yak gores you! The dream sheep bites you.
The yak gores you. The dream sheep bites you! The yak gores you!
The dream sheep bites you!
* * * LOW HITPOINT WARNING * * *
The yak gores you!
* * * LOW HITPOINT WARNING * * *
The dream sheep bites you.
* * * LOW HITPOINT WARNING * * *
The yak gores you!
* * * LOW HITPOINT WARNING * * *
The dream sheep bites you. The yak gores you but does no damage.
The dream sheep bites you but does no damage.
The yak gores you.
* * * LOW HITPOINT WARNING * * *
The dream sheep bites you!
* * * LOW HITPOINT WARNING * * *
The yak barely misses you. The dream sheep bites you.
* * * LOW HITPOINT WARNING * * *
The yak completely misses you.
The dream sheep bites you but does no damage.
The yak gores you!
* * * LOW HITPOINT WARNING * * *
The dream sheep bites you but does no damage.
The yak gores you but does no damage.
The dream sheep bites you but does no damage.
The yak gores you!
You die...

####### #.....# .....##
##### ##### .....##
#.#P###...## ......#
##....##....#
......###.....##....##
..###.........##.Y...# ###
#.##.P#.....@Y...#
.####...####...Y.Y.P.#
..##...#.#..........##
...#................##
.....................#
.............P....##.#####
....................>..#.#
.........###............##
#######P## #............#


You could see 2 yaks and 2 dream sheep.

Vanquished Creatures
  A balrug (Gauntlet)
  A minotaur (Gauntlet)
  9 hydras
  Erica (Lair:1)
  A catoblepas (Lair:4)
  3 two-headed ogres
  A death scarab (Gauntlet)
  Urug (Lair:5)
  Nergalle (D:10)
  6 oklob plants
  A cyclops (D:11)
  A slime creature (Gauntlet)
  Joseph (Lair:1)
  5 elephants (Lair:5)
  5 black mambas
  A gargoyle (D:11)
  2 minotaur zombies (Gauntlet)
  4 cane toads
  Maggie (D:9)
  7 komodo dragons
  A queen bee (Lair:1)
  A polar bear (Lair:5)
  2 trolls
  A hornet (D:9)
  17 blink frogs
  7 dream sheep (Lair:3)
  A meliai zombie (D:11)
  A vampire (D:10)
  A wraith (D:11)
  4 wyverns (Lair:2)
  Sigmund (D:3)
  Eustachio (D:5)
  60 yaks
  Grum (D:11)
  Menkaure (D:5)
  A spectral cane toad (Gauntlet)
  A warg (D:11)
  3 swamp worms (Lair:2)
  13 water moccasins
  A sky beast (D:5)
  7 orc warriors
  A hornet zombie (D:7)
  17 centaurs
  An ogre (D:7)
  2 necrophages
  9 wolves
  4 kobold brigands
  11 bullfrogs
  2 gnoll sergeants
  3 scorpions
  A water moccasin zombie (D:6)
  36 killer bees
  3 wights (D:8)
  A howler monkey (D:8)
  4 crimson imps (D:3)
  3 centaur zombies
  A hound (D:3)
  3 centaur skeletons
  5 orc priests
  2 jellies
  2 bullfrog skeletons
  4 iguanas
  12 orc wizards
  2 hell rats (Lair:4)
  3 howler monkey zombies
  14 gnolls
  A howler monkey skeleton (D:7)
  5 adders
  10 river rats (Lair:4)
  A shadow imp (D:7)
  2 white imps
  A worm (D:2)
  3 dart slugs
  35 orcs
  8 ball pythons
  4 bats
  6 endoplasms
  A giant cockroach (D:3)
  9 goblins
  11 hobgoblins
  4 jackals (D:1)
  6 quokkas
  2 frilled lizards
  28 kobolds
  5 rats
  A butterfly (Lair:6)
468 creatures vanquished.

Vanquished Creatures (collateral kills)
  A two-headed ogre (D:8)
  A bullfrog (Lair:4)
2 creatures vanquished.

Vanquished Creatures (others)
  A yak (Lair:3)
  A floating eye (D:8)
  25 fungi
  52 plants
  4 toadstools (D:1)
  14 withered plants (Gauntlet)
97 creatures vanquished.

Grand Total: 567 creatures vanquished

Notes
Turn   | Place    | Note
-------+----------+-------------------------------------------
     0 | D:1      | Elvor the Deep Elf Conjurer began the quest for the Orb.
     0 | D:1      | Reached XP level 1. HP: 10/10 MP: 6/6
   135 | D:1      | Found Fima's Assorted Antiques.
   292 | D:1      | Reached XP level 2. HP: 15/15 MP: 4/8
   295 | D:1      | Learned a level 2 spell: Searing Ray
   390 | D:1      | Reached skill level 5 in Conjurations
   727 | D:1      | Reached XP level 3. HP: 19/19 MP: 3/9
  1136 | D:2      | Found Byrraav's Weapon Emporium.
  1320 | D:2      | Reached XP level 4. HP: 24/24 MP: 4/11
  1521 | D:2      | Reached skill level 4 in Spellcasting
  1975 | D:3      | Reached skill level 1 in Fighting
  1975 | D:3      | Reached XP level 5. HP: 22/29 MP: 7/13
  2045 | D:3      | Found a faded altar of an unknown god.
  2359 | D:3      | Reached skill level 1 in Armour
  2398 | D:3      | Reached skill level 5 in Spellcasting
  2707 | D:3      | Found a shimmering altar of Xom.
  2709 | D:3      | Noticed Sigmund
  2714 | D:3      | Reached XP level 6. HP: 16/35 MP: 10/15
  2868 | D:3      | Killed Sigmund
  3022 | D:4      | Reached XP level 7. HP: 40/40 MP: 13/17
  3170 | D:4      | Reached skill level 6 in Spellcasting
  3578 | D:5      | Entered Level 5 of the Dungeon
  3724 | D:5      | Reached skill level 1 in Short Blades
  3770 | D:5      | Found Wubb's Assorted Antiques.
  3801 | D:5      | Bought an ivory rapier for 180 gold pieces
  3801 | D:5      | Identified the +7 rapier "Ekhlom" {freeze, Str+4} (You
                  | bought it in a shop on level 5 of the Dungeon)
  3835 | D:5      | Reached XP level 8. HP: 45/45 MP: 14/19
  3909 | D:5      | Noticed Eustachio
  3911 | D:5      | Noticed Menkaure
  3915 | D:5      | Killed Eustachio
  3916 | D:5      | Reached skill level 1 in Throwing
  3917 | D:5      | Killed Menkaure
  3918 | D:5      | Reached skill level 7 in Spellcasting
  3918 | D:5      | Reached skill level 1 in Evocations
  4107 | D:6      | Found a staircase to the Ecumenical Temple.
  4116 | Temple   | Entered the Ecumenical Temple
  4164 | Temple   | Became a worshipper of Vehumet
  4349 | D:6      | Reached XP level 9. HP: 48/52 MP: 11/22
  4583 | D:6      | Reached skill level 5 in Dodging
  4638 | D:6      | Reached skill level 5 in Stealth
  4638 | D:6      | Reached skill level 8 in Spellcasting
  4672 | D:6      | Learned a level 4 spell: Iskenderun's Mystic Blast
  4901 | D:7      | Learned a level 1 spell: Freeze
  5068 | D:7      | Reached * piety under Vehumet
  5068 | D:7      | Offered knowledge of Shock by Vehumet.
  5152 | D:7      | Identified the +3 scale mail of Xar Ceew {rF+ rCorr}
  5674 | D:8      | Reached skill level 5 in Fighting
  5692 | D:8      | Reached XP level 10. HP: 51/59 MP: 15/24
  5888 | D:8      | Reached skill level 5 in Evocations
  5983 | D:8      | Noticed an oklob plant
  5983 | D:8      | Noticed a two-headed ogre
  6014 | D:8      | Killed a two-headed ogre
  6065 | D:8      | Noticed an oklob plant
  6216 | D:8      | Found Kecwaezo's Armour Boutique.
  6717 | D:9      | Noticed a two-headed ogre
  6726 | D:9      | Offered knowledge of Poisonous Vapours by Vehumet.
  6739 | D:9      | Killed a two-headed ogre
  6739 | D:9      | Reached ** piety under Vehumet
  6740 | D:9      | Reached skill level 9 in Spellcasting
  6759 | D:9      | Learned a level 5 spell: Lightning Bolt
  7050 | D:9      | Reached skill level 5 in Throwing
  7050 | D:9      | Reached XP level 11. HP: 56/64 MP: 19/26
  7122 | D:9      | Found a staircase to the Lair.
  7413 | D:9      | Noticed Maggie
  7419 | D:9      | Killed Maggie
  7473 | D:9      | Noticed a two-headed ogre
  7481 | D:9      | Killed a two-headed ogre
  7481 | D:9      | Offered knowledge of Inner Flame by Vehumet.
  7826 | D:1      | Bought a fizzy red potion for 18 gold pieces
  7826 | D:1      | Bought a fuming white potion for 18 gold pieces
  7826 | D:1      | Bought a black potion for 18 gold pieces
  7913 | D:5      | Bought a dark potion for 18 gold pieces
  7913 | D:5      | Bought a scroll of identify for 40 gold pieces
  7913 | D:5      | Bought a murky white potion for 18 gold pieces
  8067 | D:10     | Entered Level 10 of the Dungeon
  8069 | D:10     | Noticed Nergalle
  8085 | D:10     | Killed Nergalle
  8107 | D:10     | Reached *** piety under Vehumet
  8726 | D:10     | Offered knowledge of Mephitic Cloud by Vehumet.
  8733 | D:10     | Noticed a two-headed ogre
  8739 | D:10     | Killed a two-headed ogre
  8740 | D:10     | Reached skill level 10 in Spellcasting
  9126 | D:8      | Killed an oklob plant
  9198 | D:8      | Killed an oklob plant
  9199 | D:8      | Reached skill level 1 in Air Magic
  9338 | D:11     | Found a gate leading to a gauntlet.
  9348 | Gauntlet | Entered a Gauntlet
  9348 | Gauntlet | Found a transporter.
  9350 | Gauntlet | Noticed a death scarab
  9358 | Gauntlet | Found a transporter.
  9373 | Gauntlet | Found a transporter.
  9375 | Gauntlet | Noticed a sixfirhy
  9376 | Gauntlet | Noticed a sixfirhy
  9378 | Gauntlet | Found a transporter.
  9379 | Gauntlet | Noticed a balrug
  9393 | Gauntlet | Found a transporter.
  9412 | Gauntlet | Found a transporter.
  9412 | Gauntlet | Noticed a sixfirhy
  9424 | Gauntlet | Found a transporter.
  9436 | Gauntlet | Found a transporter.
  9442 | Gauntlet | Found a transporter.
  9442 | Gauntlet | Found a transporter.
  9457 | Gauntlet | Found a transporter.
  9457 | Gauntlet | Noticed an orange crystal statue
  9463 | Gauntlet | Found a transporter.
  9478 | Gauntlet | Found a transporter.
  9484 | Gauntlet | Found a transporter.
  9523 | Gauntlet | Found a transporter.
  9525 | Gauntlet | Noticed a tengu warrior
  9548 | Gauntlet | Found a transporter.
  9550 | Gauntlet | Found a transporter.
  9570 | Gauntlet | Found a transporter.
  9736 | Gauntlet | Learned a level 2 spell: Slow
  9736 | Gauntlet | Reached XP level 12. HP: 77/77 MP: 28/28
  9741 | Gauntlet | Learned a level 3 spell: Mephitic Cloud
  9741 | Gauntlet | Reached skill level 10 in Fighting
  9741 | Gauntlet | Reached skill level 5 in Armour
  9741 | Gauntlet | Reached skill level 11 in Spellcasting
  9741 | Gauntlet | Reached skill level 10 in Conjurations
  9741 | Gauntlet | Reached XP level 13. HP: 82/82 MP: 28/30
  9746 | Gauntlet | Learned a level 3 spell: Vampiric Draining
 10365 | Gauntlet | Learned a level 4 spell: Hailstorm
 10375 | Gauntlet | Killed a balrug
 10387 | Gauntlet | Identified the +1 hat of Resilience {Will+ Str-5 Int+2
                  | Dex+9}
 10401 | Gauntlet | Noticed a minotaur
 10430 | Gauntlet | Killed a minotaur
 10833 | D:11     | Noticed Grum
 10834 | D:11     | Reached **** piety under Vehumet
 10846 | D:11     | Offered knowledge of Iskenderun's Battlesphere by Vehumet.
 10848 | D:11     | Killed Grum
 10870 | D:11     | Found a staircase to the Orcish Mines.
 11181 | D:11     | Identified the +3 long sword "Esavitab" {antimagic, rPois
                  | rF- Int+7}
 11783 | D:1      | Bought a scroll of teleportation for 60 gold pieces
 11783 | D:1      | Bought a potion of heal wounds for 100 gold pieces
 11870 | D:5      | Bought a scroll of magic mapping for 70 gold pieces
 12049 | Lair:1   | Entered Level 1 of the Lair of Beasts
 12061 | Lair:1   | Noticed Joseph
 12065 | Lair:1   | Killed Joseph
 12111 | Lair:1   | Noticed Erica
 12124 | Lair:1   | Killed Erica
 12125 | Lair:1   | Reached XP level 14. HP: 88/88 MP: 25/31
 12327 | Lair:1   | Reached skill level 12 in Spellcasting
 12350 | Lair:1   | Reached skill level 1 in Long Blades
 12356 | Lair:1   | Identified the +1 scale mail "Heocuaqil" {rPois rF++
                  | Will++}
 12478 | Lair:1   | Reached ***** piety under Vehumet
 12484 | Lair:1   | Offered knowledge of Conjure Ball Lightning by Vehumet.
 13520 | Lair:2   | Identified the +7 chain mail "Heom" {rCorr Str+4 Stlth-}
 13734 | Lair:2   | Reached skill level 5 in Air Magic
 13895 | Lair:2   | Found a staircase to the Swamp.
 14571 | Lair:3   | Reached skill level 5 in Hexes
 14702 | Lair:3   | Learned a level 6 spell: Conjure Ball Lightning
 14977 | Lair:4   | Offered knowledge of Spellforged Servitor by Vehumet.
 15507 | Lair:4   | Reached skill level 13 in Spellcasting
 15929 | Lair:4   | Found a staircase to the Snake Pit.
 16144 | Lair:5   | Noticed Urug
 16169 | Lair:5   | Killed Urug
 16170 | Lair:5   | Reached skill level 1 in Shields
 16170 | Lair:5   | Reached skill level 1 in Poison Magic
 16901 | Lair:5   | Reached XP level 15. HP: 34/95 MP: 23/34
 17420 | Lair:6   | Entered Level 6 of the Lair of Beasts
 17566 | Lair:5   | HP: 3/95 [yak (4)]
 17567 | Lair:5   | Slain by a yak

Illustrated notes

Levels and vault maps discovered:
D:1:      ldierk_walled_garden_2, layout_basic, serial_shops, shop, hex_large
D:2:      layout_basic, serial_shops, nicolae_shop_competitors_out_of_business,
          hangedman_abyss_or_decor_lesser_grid, nicolae_underground_beach
D:3:      layout_basic, led_xom_imps, shapermc_ecumenical_altar_acropolis,
          columned_hall_lemuel, guppyfry_early_orc_mine, uniq_sigmund
D:4:      minmay_evil_eye, layout_rooms, moated_statue, minmay_misc_feat_chi
D:5:      layout_basic, minmay_shop_grid_forest, chequers_serial_rivers_small_3,
          uniq_eustachio, uniq_menkaure
D:6:      layout_loops_ring, lemuel_temple_firewalk_a
D:7:      layout_gridville
D:8:      layout_rooms, serial_shops, shop, disabler_island
D:9:      minmay_razor_zed, layout_basic, lair_entry_dummy, roderic_lattice_a,
          uniq_maggie
D:10:     layout_small_grid, uniq_nergalle
D:11:     layout_basic, david_orc_3, gauntlet_entry_generic, uniq_grum
Temple:   grunt_wide_crystal_templ
Lair:1:   layout_roguey, special_room [special_room_bee], serial_bayou_lagoon_a,
          infiniplex_staircase_pool, uniq_joseph, uniq_erica
Lair:2:   layout_hall_layers, palyth_hydra_swamp_entry, beast_lair_carwin_7
Lair:3:   layout_chaotic_city
Lair:4:   layout_regular_city, minmay_snake_entry_six_corridors,
          kennysheep_rathole
Lair:5:   layout_misc_corridors, minmay_lair_oklob_chamber, lemuel_fruit_tree,
          uniq_urug
Lair:6:   hangedman_lair_caniforms_friends, layout_misc_corridors,
          slime_altar_1, serial_bayou_pond_a, dpeg_oklob_1, grunt_megastairs_3,
          lemuel_fruit_fields

Skill      XL: |  1  2  3  4  5  6  7  8  9 10 11 12 13 14 15 |
---------------+----------------------------------------------+-----
Conjurations   | 5 6 7 8 9 10 11 | 11.6
Spellcasting   | 4 5 6 7 8 9 10 11 13 | 13.7
Fighting       | 1 2 3 5 6 9 10 11 | 11.4
Armour         | 1 3 4 5 |  5.3
Dodging        | 3 4 5 6 7 |  7.8
Stealth        | 3 4 5 6 |  6.5
Short Blades   | 1 2 3 |  3.2
Throwing       | 2 3 5 6 7 |  7.1
Evocations     | 2 4 6 7 |  7.6
Air Magic      | 1 3 4 6 |  6.1
Hexes          | 4 5 |  5.6
Translocations | 2 |  2.8
Long Blades    | 1 |  1.2
Shields        | 1 2 |  2.1
Poison Magic   | 1 |  1.0
Ice Magic      | |  0.4

Action                   |  1- 3 |  4- 6 |  7- 9 | 10-12 | 13-15 || total
-------------------------+-------+-------+-------+-------+-------++-------
Melee: Short sword       |     9 |    18 |    28 |       |       ||    55
       Dagger            |       |       |     9 |       |       ||     9
       Rapier            |       |       |     2 |     4 |    33 ||    39
       Long sword        |       |       |       |       |    13 ||    13
Throw: Dart              |       |     1 |    25 |    30 |    58 ||   114
       Throwing net      |       |     1 |       |       |       ||     1
       Javelin           |       |       |       |     2 |       ||     2
 Cast: Magic Dart        |    63 |    40 |    30 |    43 |    53 ||   229
       Searing Ray       |     1 |    22 |    52 |    47 |   120 ||   242
       Iskenderun's Myst |       |       |       |     2 |    25 ||    27
       Lightning Bolt    |       |       |       |    16 |    82 ||    98
       Hailstorm         |       |       |       |       |     6 ||     6
       Slow              |       |       |       |       |    21 ||    21
       Mephitic Cloud    |       |       |       |       |    17 ||    17
       Freeze            |       |       |       |       |     1 ||     1
Evoke: Wand              |       |       |    45 |    30 |    44 ||   119
       Box of beasts     |       |       |       |       |     2 ||     2
  Use: Potion            |       |     1 |       |     2 |     3 ||     6
       Scroll            |       |       |     2 |    13 |     6 ||    21
 Stab: Sleeping          |       |     2 |     1 |       |       ||     3
       Paralysed         |       |       |       |       |     3 ||     3
       Confused          |       |       |       |       |     1 ||     1
Armor: Leather armour    |     2 |    14 |    10 |     9 |       ||    35
       Robe              |       |       |       |       |    66 ||    66
Dodge: Dodged            |     8 |    17 |    63 |    50 |   151 ||   289
       Repelled          |       |       |       |     1 |     6 ||     7
Block: Kite shield       |       |       |       |       |    14 ||    14
       Rpst.: Long sword |       |       |       |       |     2 ||     2
